2658 views
Uploaded 2020-03-07 20:41:00
Game version 1.32.2
18:22 long 3on3 ladder game on (6)TimbermawHold
Saved by BEARAND
2658 views
Uploaded 2020-03-07 20:41:00
Game version 1.32.2
18:22 long 3on3 ladder game on (6)TimbermawHold


62 units @ 5.4k
/ 0.1k
186 buildings @ 9.7k
/ 4.8k



| Staff of Sanctuary | 3 | 750 |
| Scroll of Regeneration | 1 | 100 |
| Lesser Clarity Potion | 2 | 140 |
| Potion of Healing | 3 | 450 |
| Boots of Speed | 2 | 500 |
| Staff of Teleportation | 2 | 300 |
| Orb of Corruption | 1 | 375 |
| total: | 14 | 2615g |
| Peasant | 14 | 1050 | / | 0 |
| Priest | 1 | 135 | / | 10 |
| total: | 15 | 1185g | / | 10w |
| Scout Tower | 47 | 1410 | / | 940 |
| Arcane Tower | 2 | 140 | / | 100 |
| Guard Tower | 30 | 2100 | / | 1500 |
| Altar of Kings | 1 | 180 | / | 50 |
| Farm | 5 | 400 | / | 100 |
| Lumber Mill | 1 | 120 | / | 0 |
| Arcane Vault | 2 | 260 | / | 60 |
| Town Hall | 2 | 770 | / | 410 |
| Arcane Sanctum | 1 | 150 | / | 140 |
| Keep | 1 | 320 | / | 210 |
| Castle | 1 | 360 | / | 210 |
| total: | 59 | 3290g | / | 1700w |
| 0:02 | Peasant |
| 0:02 | Peasant |
| 0:09 | Altar of Kings |
| 0:17 | Peasant |
| 0:23 | Farm |
| 0:24 | Peasant |
| 0:36 | Peasant |
| 0:40 | Lumber Mill |
| 0:44 | Peasant |
| 0:56 | Peasant |
| 1:23 | Peasant |
| 1:33 | Scout Tower |
| 1:34 | Scout Tower |
| 1:37 | Scout Tower |
| 1:41 | Peasant |
| 1:46 | Farm |
| 1:47 | Farm |
| 1:49 | Peasant |
| 2:00 | Arcane Tower |
| 2:05 | Arcane Tower |
| 2:10 | Scout Tower |
| 2:11 | Blizzard |
| 2:23 | Peasant |
| 2:24 | Peasant |
| 2:26 | Guard Tower |
| 2:27 | Scout Tower |
| 2:39 | Guard Tower |
| 2:46 | Scout Tower |
| 2:59 | Guard Tower |
| 3:00 | Scout Tower |
| 3:01 | Peasant |
| 3:01 | Peasant |
| 3:31 | Guard Tower |
| 3:32 | Scout Tower |
| 3:33 | Guard Tower |
| 3:40 | Scout Tower |
| 3:40 | Scout Tower |
| 4:09 | Guard Tower |
| 4:10 | Keep |
| 4:11 | Guard Tower |
| 4:12 | Scout Tower |
| 4:13 | Scout Tower |
| 4:13 | Scout Tower |
| 4:34 | Farm |
| 4:35 | Farm |
| 4:36 | Guard Tower |
| 4:41 | Scout Tower |
| 4:41 | Scout Tower |
| 4:44 | Guard Tower |
| 5:05 | Boots of Speed |
| 5:05 | Staff of Teleportation |
| 5:13 | Improved Masonry |
| 5:38 | Guard Tower |
| 5:42 | Arcane Vault |
| 5:44 | Arcane Vault |
| 5:56 | Guard Tower |
| 6:53 | Scout Tower |
| 6:54 | Scout Tower |
| 6:54 | Scout Tower |
| 6:55 | Scout Tower |
| 7:09 | Scout Tower |
| 7:10 | Scout Tower |
| 7:10 | Scout Tower |
| 7:11 | Scout Tower |
| 7:11 | Scout Tower |
| 7:33 | Storm Bolt |
| 8:05 | Guard Tower |
| 8:06 | Castle |
| 8:07 | Arcane Sanctum |
| 8:59 | Brilliance Aura |
| 9:01 | Guard Tower |
| 9:18 | Town Hall |
| 9:22 | Scout Tower |
| 9:23 | Scout Tower |
| 9:24 | Scout Tower |
| 9:25 | Scout Tower |
| 9:36 | Guard Tower |
| 9:53 | Guard Tower |
| 9:54 | Guard Tower |
| 10:09 | Scout Tower |
| 10:10 | Scout Tower |
| 10:11 | Scout Tower |
| 10:12 | Scout Tower |
| 10:12 | Scout Tower |
| 10:13 | Scout Tower |
| 10:13 | Scout Tower |
| 10:31 | Guard Tower |
| 10:33 | Magic Sentry |
| 10:34 | Priest |
| 11:25 | Bash |
| 11:34 | Holy Light |
| 11:39 | Staff of Sanctuary |
| 11:39 | Scroll of Regeneration |
| 11:41 | Lesser Clarity Potion |
| 11:42 | Lesser Clarity Potion |
| 12:28 | Scout Tower |
| 12:28 | Scout Tower |
| 12:29 | Scout Tower |
| 12:29 | Scout Tower |
| 12:30 | Scout Tower |
| 12:30 | Scout Tower |
| 12:33 | Town Hall |
| 12:36 | Scout Tower |
| 12:37 | Scout Tower |
| 12:37 | Scout Tower |
| 12:38 | Scout Tower |
| 12:38 | Scout Tower |
| 12:38 | Scout Tower |
| 13:01 | Advanced Masonry |
| 13:43 | Guard Tower |
| 13:43 | Guard Tower |
| 13:44 | Guard Tower |
| 13:50 | Blizzard |
| 14:12 | Staff of Sanctuary |
| 14:21 | Guard Tower |
| 14:45 | Staff of Sanctuary |
| 16:28 | Orb of Corruption |
| 16:33 | Potion of Healing |
| 16:35 | Potion of Healing |
| 16:57 | Potion of Healing |
| 17:02 | Boots of Speed |
| 17:02 | Staff of Teleportation |
| 18:12 | Storm Bolt |
| Right click | 1893 |
| Select | 479 |
| Select group | 365 |
| Build/train/purchase | 118 |
| Chat | 70 |
| Use ability | 60 |
| Resource trade | 13 |
| Assign group | 7 |
| Item give/drop | 6 |
| Misc. action | 4 |
| Minimap ping | 4 |


| Scroll of Regeneration | 2 | 200 |
| Staff of Sanctuary | 1 | 250 |
| total: | 3 | 450g |
| Peasant | 22 | 1650 | / | 0 |
| total: | 22 | 1650g | / | 0w |
| Scout Tower | 105 | 3150 | / | 2100 |
| Arcane Tower | 1 | 70 | / | 50 |
| Guard Tower | 47 | 3290 | / | 2350 |
| Altar of Kings | 1 | 180 | / | 50 |
| Lumber Mill | 1 | 120 | / | 0 |
| Farm | 5 | 400 | / | 100 |
| Town Hall | 1 | 385 | / | 205 |
| Arcane Vault | 1 | 130 | / | 30 |
| Keep | 1 | 320 | / | 210 |
| Castle | 1 | 360 | / | 210 |
| total: | 114 | 4365g | / | 2485w |
| 0:01 | Peasant |
| 0:05 | Altar of Kings |
| 0:11 | Peasant |
| 0:18 | Lumber Mill |
| 0:24 | Peasant |
| 0:26 | Farm |
| 0:38 | Peasant |
| 0:56 | Peasant |
| 0:59 | Farm |
| 1:03 | Peasant |
| 1:13 | Peasant |
| 1:15 | Farm |
| 1:21 | Scout Tower |
| 1:25 | Peasant |
| 1:36 | Peasant |
| 1:43 | Peasant |
| 1:50 | Arcane Tower |
| 1:52 | Scout Tower |
| 1:54 | Scout Tower |
| 2:14 | Peasant |
| 2:20 | Guard Tower |
| 2:22 | Scout Tower |
| 2:24 | Scout Tower |
| 2:25 | Scout Tower |
| 2:25 | Scout Tower |
| 2:26 | Peasant |
| 2:31 | Scout Tower |
| 2:33 | Scout Tower |
| 2:37 | Blizzard |
| 2:41 | Peasant |
| 3:17 | Guard Tower |
| 3:18 | Scout Tower |
| 3:23 | Guard Tower |
| 3:25 | Scout Tower |
| 3:25 | Scout Tower |
| 3:28 | Scout Tower |
| 3:29 | Scout Tower |
| 3:42 | Scout Tower |
| 3:42 | Scout Tower |
| 3:43 | Scout Tower |
| 3:44 | Peasant |
| 3:44 | Peasant |
| 3:57 | Guard Tower |
| 3:58 | Guard Tower |
| 4:13 | Guard Tower |
| 4:15 | Scout Tower |
| 4:17 | Scout Tower |
| 4:18 | Scout Tower |
| 4:19 | Scout Tower |
| 4:26 | Guard Tower |
| 4:28 | Scout Tower |
| 4:29 | Scout Tower |
| 4:43 | Guard Tower |
| 4:50 | Scout Tower |
| 4:50 | Scout Tower |
| 4:51 | Guard Tower |
| 4:57 | Guard Tower |
| 4:58 | Guard Tower |
| 5:06 | Guard Tower |
| 5:16 | Improved Masonry |
| 5:17 | Advanced Masonry |
| 5:40 | Scout Tower |
| 5:41 | Scout Tower |
| 5:45 | Guard Tower |
| 5:46 | Scout Tower |
| 5:47 | Scout Tower |
| 5:51 | Scout Tower |
| 5:52 | Peasant |
| 5:52 | Peasant |
| 6:12 | Scout Tower |
| 6:21 | Scout Tower |
| 6:27 | Guard Tower |
| 6:29 | Scout Tower |
| 6:30 | Guard Tower |
| 6:33 | Peasant |
| 6:52 | Guard Tower |
| 6:57 | Guard Tower |
| 6:58 | Scout Tower |
| 6:59 | Scout Tower |
| 7:00 | Scout Tower |
| 7:00 | Scout Tower |
| 7:01 | Scout Tower |
| 7:17 | Scout Tower |
| 7:18 | Scout Tower |
| 7:19 | Scout Tower |
| 7:20 | Scout Tower |
| 7:21 | Scout Tower |
| 7:31 | Scout Tower |
| 7:32 | Scout Tower |
| 7:33 | Scout Tower |
| 7:36 | Scout Tower |
| 7:37 | Scout Tower |
| 8:04 | Guard Tower |
| 8:05 | Guard Tower |
| 8:10 | Keep |
| 8:15 | Guard Tower |
| 8:19 | Guard Tower |
| 8:24 | Guard Tower |
| 8:28 | Guard Tower |
| 9:09 | Guard Tower |
| 9:11 | Scout Tower |
| 9:11 | Scout Tower |
| 9:12 | Scout Tower |
| 9:30 | Guard Tower |
| 9:33 | Scout Tower |
| 9:34 | Scout Tower |
| 9:35 | Scout Tower |
| 9:37 | Scout Tower |
| 9:42 | Brilliance Aura |
| 9:44 | Guard Tower |
| 9:46 | Scout Tower |
| 9:47 | Scout Tower |
| 9:47 | Scout Tower |
| 9:48 | Scout Tower |
| 9:48 | Scout Tower |
| 10:28 | Guard Tower |
| 10:30 | Scout Tower |
| 10:31 | Scout Tower |
| 10:32 | Scout Tower |
| 10:32 | Scout Tower |
| 10:33 | Scout Tower |
| 10:40 | Scout Tower |
| 11:04 | Guard Tower |
| 11:06 | Scout Tower |
| 11:06 | Scout Tower |
| 11:10 | Town Hall |
| 11:22 | Scout Tower |
| 11:23 | Scout Tower |
| 11:24 | Scout Tower |
| 11:28 | Guard Tower |
| 11:30 | Peasant |
| 11:30 | Peasant |
| 11:51 | Scout Tower |
| 11:58 | Imbued Masonry |
| 12:15 | Guard Tower |
| 12:21 | Scout Tower |
| 12:22 | Scout Tower |
| 12:22 | Scout Tower |
| 12:23 | Scout Tower |
| 12:23 | Scout Tower |
| 12:24 | Scout Tower |
| 12:25 | Scout Tower |
| 12:34 | Farm |
| 12:35 | Farm |
| 12:47 | Scout Tower |
| 12:48 | Scout Tower |
| 12:48 | Scout Tower |
| 12:53 | Guard Tower |
| 12:55 | Scout Tower |
| 12:55 | Scout Tower |
| 12:55 | Scout Tower |
| 12:56 | Scout Tower |
| 12:56 | Scout Tower |
| 13:15 | Castle |
| 13:28 | Guard Tower |
| 13:32 | Peasant |
| 13:33 | Peasant |
| 13:35 | Guard Tower |
| 13:51 | Scout Tower |
| 13:52 | Scout Tower |
| 14:08 | Guard Tower |
| 14:09 | Scout Tower |
| 14:10 | Scout Tower |
| 14:10 | Scout Tower |
| 14:11 | Scout Tower |
| 14:13 | Flame Strike |
| 14:20 | Guard Tower |
| 14:39 | Guard Tower |
| 15:12 | Arcane Vault |
| 15:51 | Guard Tower |
| 15:53 | Scout Tower |
| 15:53 | Scout Tower |
| 15:54 | Scout Tower |
| 16:13 | Scroll of Regeneration |
| 16:17 | Scout Tower |
| 16:18 | Scout Tower |
| 16:20 | Scout Tower |
| 16:20 | Scout Tower |
| 16:21 | Scout Tower |
| 16:21 | Scout Tower |
| 16:35 | Staff of Sanctuary |
| 16:40 | Guard Tower |
| 16:56 | Guard Tower |
| 16:58 | Scout Tower |
| 16:58 | Scout Tower |
| 16:58 | Scout Tower |
| 16:59 | Guard Tower |
| 18:14 | Siphon Mana |
| 18:15 | Scroll of Regeneration |
| Right click | 1029 |
| Select | 541 |
| Select group | 267 |
| Assign group | 177 |
| Build/train/purchase | 124 |
| Chat | 66 |
| Use ability | 29 |
| Minimap ping | 15 |
| Misc. action | 9 |
| Remove unit | 1 |



| Rod of Necromancy | 1 | 150 |
| Orb of Corruption | 3 | 1125 |
| Sacrificial Skull | 2 | 100 |
| Potion of Mana | 2 | 400 |
| Lesser Clarity Potion | 1 | 70 |
| Boots of Speed | 4 | 1000 |
| Staff of Teleportation | 3 | 450 |
| Circlet of Nobility | 1 | 175 |
| total: | 17 | 3470g |
| Acolyte | 13 | 975 | / | 0 |
| Ghoul | 10 | 1200 | / | 0 |
| Obsidian Statue | 2 | 400 | / | 70 |
| total: | 25 | 2575g | / | 70w |
| Nerubian Tower | 1 | 100 | / | 20 |
| Crypt | 1 | 200 | / | 50 |
| Altar of Darkness | 1 | 180 | / | 50 |
| Ziggurat | 5 | 750 | / | 250 |
| Tomb of Relics | 4 | 520 | / | 120 |
| Graveyard | 1 | 215 | / | 0 |
| Slaughterhouse | 1 | 140 | / | 135 |
| Halls of the Dead | 1 | 320 | / | 210 |
| Black Citadel | 2 | 650 | / | 460 |
| total: | 13 | 2005g | / | 605w |
| 0:01 | Acolyte |
| 0:04 | Acolyte |
| 0:06 | Crypt |
| 0:30 | Altar of Darkness |
| 0:34 | Ziggurat |
| 1:01 | Tomb of Relics |
| 1:12 | Graveyard |
| 1:23 | Ghoul |
| 1:23 | Ghoul |
| 1:38 | Ziggurat |
| 1:51 | Ghoul |
| 2:06 | Ghoul |
| 2:28 | Ghoul |
| 2:30 | Death Coil |
| 2:32 | Rod of Necromancy |
| 2:39 | Ghoul |
| 3:11 | Ghoul |
| 3:12 | Ghoul |
| 3:33 | Ghoul |
| 4:02 | Ghoul |
| 4:41 | Halls of the Dead |
| 5:03 | Boots of Speed |
| 5:19 | Staff of Teleportation |
| 6:37 | Ziggurat |
| 7:03 | Acolyte |
| 7:03 | Acolyte |
| 7:31 | Acolyte |
| 7:53 | Acolyte |
| 8:26 | Frost Nova |
| 9:05 | Acolyte |
| 9:07 | Ziggurat |
| 9:09 | Unholy Aura |
| 9:18 | Tomb of Relics |
| 9:42 | Black Citadel |
| 10:23 | Boots of Speed |
| 10:24 | Staff of Teleportation |
| 11:02 | Nerubian Tower |
| 11:05 | Tomb of Relics |
| 11:22 | Frost Armor |
| 11:43 | Slaughterhouse |
| 12:16 | Acolyte |
| 12:31 | Tomb of Relics |
| 12:32 | Ziggurat |
| 12:57 | Acolyte |
| 13:01 | Orb of Corruption |
| 13:04 | Orb of Corruption |
| 13:14 | Acolyte |
| 13:15 | Acolyte |
| 13:15 | Acolyte |
| 13:15 | Acolyte |
| 13:25 | Carrion Swarm |
| 13:34 | Obsidian Statue |
| 13:44 | Boots of Speed |
| 13:44 | Staff of Teleportation |
| 13:45 | Boots of Speed |
| 13:50 | Circlet of Nobility |
| 13:53 | Death Coil |
| 14:57 | Obsidian Statue |
| 15:22 | Frost Nova |
| 16:13 | Orb of Corruption |
| 16:14 | Sacrificial Skull |
| 16:14 | Sacrificial Skull |
| 16:56 | Potion of Mana |
| 17:09 | Potion of Mana |
| 17:51 | Lesser Clarity Potion |
| Right click | 1173 |
| Select group | 618 |
| Assign group | 494 |
| Select | 175 |
| Resource trade | 140 |
| Build/train/purchase | 84 |
| Use ability | 61 |
| Misc. action | 38 |
| Item give/drop | 2 |
95 units @ 14.7k
/ 2.5k
50 buildings @ 6.1k
/ 2.3k


| Scroll of Speed | 2 | 100 |
| Healing Salve | 2 | 200 |
| Scroll of Town Portal | 1 | 350 |
| total: | 5 | 650g |
| Peon | 7 | 525 | / | 0 |
| Grunt | 8 | 1600 | / | 0 |
| Demolisher | 10 | 2200 | / | 500 |
| Raider | 3 | 540 | / | 120 |
| total: | 28 | 4865g | / | 620w |
| Altar of Storms | 1 | 180 | / | 50 |
| Orc Burrow | 6 | 960 | / | 240 |
| Barracks | 2 | 360 | / | 100 |
| Voodoo Lounge | 1 | 130 | / | 30 |
| War Mill | 1 | 205 | / | 0 |
| Tauren Totem | 2 | 270 | / | 310 |
| Beastiary | 1 | 145 | / | 140 |
| Stronghold | 1 | 315 | / | 190 |
| Fortress | 1 | 325 | / | 190 |
| total: | 14 | 2250g | / | 870w |
| 0:04 | Peon |
| 0:04 | Peon |
| 0:07 | Altar of Storms |
| 0:10 | Orc Burrow |
| 0:15 | Peon |
| 0:41 | Barracks |
| 0:44 | Peon |
| 0:56 | Peon |
| 1:14 | Peon |
| 1:35 | Peon |
| 1:44 | Orc Burrow |
| 1:53 | Grunt |
| 2:13 | Grunt |
| 2:28 | Voodoo Lounge |
| 2:39 | Endurance Aura |
| 3:01 | Stronghold |
| 3:35 | Grunt |
| 3:43 | Scroll of Speed |
| 3:44 | Healing Salve |
| 3:54 | Orc Burrow |
| 4:10 | Grunt |
| 4:46 | Grunt |
| 4:51 | War Mill |
| 5:24 | Grunt |
| 5:25 | Berserker Strength |
| 5:33 | Orc Burrow |
| 5:59 | War Stomp |
| 6:56 | Fortress |
| 7:03 | Tauren Totem |
| 7:16 | Endurance Aura |
| 7:19 | Wind Walk |
| 8:09 | Grunt |
| 8:11 | Steel Melee Weapons |
| 8:12 | Steel Armor |
| 8:18 | Tauren Totem |
| 8:29 | Demolisher |
| 8:30 | Demolisher |
| 9:06 | Beastiary |
| 9:10 | Barracks |
| 9:18 | Burning Oil |
| 9:45 | Demolisher |
| 11:35 | Demolisher |
| 11:35 | Demolisher |
| 12:14 | Healing Salve |
| 12:15 | Scroll of Town Portal |
| 12:15 | Scroll of Speed |
| 12:36 | Orc Burrow |
| 12:40 | Orc Burrow |
| 12:52 | Steel Ranged Weapons |
| 12:54 | Grunt |
| 12:57 | Demolisher |
| 13:24 | Demolisher |
| 13:41 | Raider |
| 13:49 | Demolisher |
| 15:18 | Demolisher |
| 15:21 | Raider |
| 15:21 | Raider |
| 16:41 | Demolisher |
| Right click | 547 |
| Select | 223 |
| Select group | 125 |
| Misc. action | 66 |
| Build/train/purchase | 61 |
| Assign group | 18 |
| Use ability | 7 |
| Remove unit | 2 |
| Esc | 1 |

| Scroll of Regeneration | 1 | 100 |
| total: | 1 | 100g |
| Peasant | 7 | 525 | / | 0 |
| Rifleman | 10 | 2050 | / | 300 |
| Mortar Team | 5 | 900 | / | 350 |
| total: | 22 | 3475g | / | 650w |
| Barracks | 2 | 320 | / | 120 |
| Blacksmith | 1 | 140 | / | 60 |
| Farm | 11 | 880 | / | 220 |
| Altar of Kings | 1 | 180 | / | 50 |
| Arcane Vault | 1 | 130 | / | 30 |
| Lumber Mill | 1 | 120 | / | 0 |
| Workshop | 2 | 280 | / | 280 |
| Keep | 1 | 320 | / | 210 |
| Castle | 1 | 360 | / | 210 |
| total: | 19 | 2050g | / | 760w |
| 0:03 | Peasant |
| 0:03 | Peasant |
| 0:03 | Peasant |
| 0:12 | Barracks |
| 0:16 | Blacksmith |
| 0:21 | Farm |
| 0:36 | Peasant |
| 1:24 | Peasant |
| 1:25 | Peasant |
| 1:30 | Altar of Kings |
| 1:32 | Farm |
| 1:45 | Rifleman |
| 1:54 | Peasant |
| 2:12 | Farm |
| 2:19 | Rifleman |
| 2:39 | Rifleman |
| 2:51 | Farm |
| 3:12 | Rifleman |
| 3:40 | Rifleman |
| 3:44 | Farm |
| 3:49 | Summon Water Elemental |
| 5:15 | Barracks |
| 5:17 | Rifleman |
| 5:18 | Farm |
| 5:19 | Black Gunpowder |
| 6:23 | Rifleman |
| 6:27 | Farm |
| 6:30 | Studded Leather Armor |
| 6:35 | Arcane Vault |
| 6:51 | Rifleman |
| 8:10 | Rifleman |
| 8:18 | Scroll of Regeneration |
| 8:22 | Blizzard |
| 8:27 | Keep |
| 10:31 | Rifleman |
| 11:01 | Workshop |
| 11:05 | Workshop |
| 12:16 | Mortar Team |
| 12:26 | Farm |
| 12:27 | Farm |
| 13:03 | Mortar Team |
| 13:06 | Farm |
| 13:10 | Farm |
| 13:13 | Refined Gunpowder |
| 13:23 | Mortar Team |
| 13:43 | Castle |
| 13:51 | Lumber Mill |
| 13:59 | Mortar Team |
| 15:18 | Mortar Team |
| Right click | 604 |
| Select | 205 |
| Misc. action | 72 |
| Build/train/purchase | 39 |
| Chat | 19 |
| Use ability | 2 |
| Minimap ping | 1 |

| Peasant | 12 | 900 | / | 0 |
| Footman | 11 | 1485 | / | 0 |
| Rifleman | 3 | 615 | / | 90 |
| Flying Machine | 3 | 300 | / | 90 |
| Mortar Team | 13 | 2340 | / | 910 |
| Knight | 3 | 735 | / | 180 |
| total: | 45 | 6375g | / | 1270w |
| Altar of Kings | 1 | 180 | / | 50 |
| Farm | 10 | 800 | / | 200 |
| Barracks | 2 | 320 | / | 120 |
| Lumber Mill | 1 | 120 | / | 0 |
| Blacksmith | 1 | 140 | / | 60 |
| Workshop | 2 | 280 | / | 280 |
| Keep | 1 | 320 | / | 210 |
| Castle | 1 | 360 | / | 210 |
| total: | 17 | 1840g | / | 710w |
| 0:06 | Peasant |
| 0:06 | Peasant |
| 0:11 | Altar of Kings |
| 0:14 | Farm |
| 0:17 | Peasant |
| 0:18 | Peasant |
| 0:29 | Peasant |
| 0:45 | Peasant |
| 0:51 | Farm |
| 1:10 | Peasant |
| 1:17 | Barracks |
| 1:22 | Lumber Mill |
| 1:31 | Farm |
| 1:36 | Peasant |
| 1:57 | Peasant |
| 2:14 | Blacksmith |
| 2:17 | Summon Water Elemental |
| 2:35 | Farm |
| 2:37 | Footman |
| 2:48 | Footman |
| 3:25 | Footman |
| 3:26 | Footman |
| 3:42 | Footman |
| 3:49 | Farm |
| 4:05 | Peasant |
| 4:05 | Peasant |
| 4:16 | Footman |
| 4:19 | Iron Forged Swords |
| 4:34 | Iron Plating |
| 4:37 | Peasant |
| 5:12 | Rifleman |
| 5:16 | Farm |
| 5:18 | Black Gunpowder |
| 5:21 | Studded Leather Armor |
| 5:55 | Keep |
| 5:58 | Barracks |
| 6:03 | Brilliance Aura |
| 6:35 | Footman |
| 6:36 | Footman |
| 6:37 | Defend |
| 7:35 | Footman |
| 7:35 | Footman |
| 7:40 | Rifleman |
| 7:42 | Footman |
| 7:57 | Rifleman |
| 8:16 | Farm |
| 8:20 | Workshop |
| 8:26 | Workshop |
| 9:02 | Flying Machine |
| 9:03 | Flak Cannons |
| 9:04 | Flying Machine |
| 9:04 | Flying Machine |
| 9:10 | Steel Forged Swords |
| 9:11 | Steel Plating |
| 9:29 | Mortar Team |
| 9:29 | Mortar Team |
| 9:34 | Flare |
| 9:37 | Mortar Team |
| 9:39 | Mortar Team |
| 10:01 | Farm |
| 10:07 | Mortar Team |
| 10:39 | Mortar Team |
| 10:39 | Mortar Team |
| 11:09 | Mortar Team |
| 11:12 | Farm |
| 12:07 | Castle |
| 13:01 | Mortar Team |
| 13:09 | Farm |
| 14:15 | Mortar Team |
| 14:15 | Mortar Team |
| 14:15 | Mortar Team |
| 14:40 | Animal War Training |
| 14:41 | Sundering Blades |
| 14:42 | Knight |
| 15:38 | Knight |
| 16:43 | Knight |
| 16:48 | Fragmentation Shards |
| 16:49 | Mortar Team |
| 17:31 | Brilliance Aura |
| Select | 186 |
| Misc. action | 131 |
| Build/train/purchase | 92 |
| Use ability | 6 |
| Right click | 4 |
⇛